 Dungeon Crawl Stone Soup version 0.19-a0-1855-gb7442ac (webtiles) character file.

193 Amnesiac the Sneak (level 5, -1/29 HPs)
             Began as a Deep Elf Assassin on Oct 11, 2016.
             Slain by a ball python (2 damage)
             ... on level 3 of the Dungeon.
             The game lasted 00:01:33 (483 turns).

Amnesiac the Sneak (Deep Elf Assassin)               Turns: 483, Time: 00:01:34

Health: -1/29      AC:  3    Str:  8    XL:     5   Next: 43%
Magic:  7/7        EV: 12    Int: 16    God:
Gold:   17         SH:  0    Dex: 17    Spells: 0 memorised, 4 levels left

rFire  . . .     SeeInvis .     k - +2 short sword (venom)
rCold  . . .     Gourm    .     c - +0 robe
rNeg   . . .     Faith    .     (no shield)
rPois  .         Spirit   .     (no helmet)
rElec  .         Dismiss  .     d - +0 cloak
rCorr  .         Reflect  .     (no gloves)
MR     .....     Harm     .     (no boots)
Stlth  ++++......               (no amulet)
                                (no ring)
                                h - ring of wizardry

@: no status effects
A: no striking features
a: no special abilities


You were on level 3 of the Dungeon.
You were not hungry.

You visited 1 branch of the dungeon, and saw 3 of its levels.

You collected 17 gold pieces.

Inventory:

Hand Weapons
 a - a +2 dagger
 b - a +0 blowgun
 k - a +2 short sword of venom (weapon)
Missiles
 e - 8 poisoned needles
 i - 2 curare-tipped needles
Armour
 c - a +0 robe (worn)
 d - a +0 cloak (worn)
Jewellery
 h - a ring of wizardry (left hand)
 j - a +2 ring of strength {unknown}
Scrolls
 l - a scroll of fog {unknown}
Comestibles
 f - 4 chunks of flesh
 g - a bread ration


   Skills:
 - Level 1.5 Fighting
 + Level 3.6 Short Blades
 - Level 2.0 Throwing
 - Level 1.2 Dodging
 * Level 7.6 Stealth


You had 4 spell levels left.
You didn't know any spells.

Dungeon Overview and Level Annotations

Branches:
Dungeon (3/15)

Altars:
Vehumet

Portals:
Sewer: D:3


Message History

The river rat is lightly wounded.
The river rat bites you!
* * * LOW HITPOINT WARNING * * *
You hit the river rat but do no damage.
The river rat looks as sick as possible!
The river rat is lightly wounded.
The river rat bites you.
* * * LOW HITPOINT WARNING * * *
Unknown command.
You kill the river rat!
You see here a stone.
The ball python bites you.
* * * LOW HITPOINT WARNING * * *
The ball python grabs you.
* * * LOW HITPOINT WARNING * * *
The ball python constricts you.
You hit the ball python.
You kill the ball python!
The ball python bites you.
You die...

#. ###.#. ##.# ..
#..........# #.
#..#...#...# #.
#.###.###.# ##.##
#..#...#..# #...###
##...._....#
#..#.###...#...#..##
#)...##..###.###..####.
#..r.S@...#...#.....<..
###....###...............
#.†.....###......[.#.###.
###.#####.# ###.....##.#
. #...# .# ##...###..
#.#.### .# ##+## ###.
#≈....# .# #≈≈...# .#
#≈≈≈≈.#


You could see a ball python and a rat.

Vanquished Creatures
  Sigmund (D:2)
  2 river rats (D:3)
  A worm (D:2)
  2 giant cockroaches
  2 hobgoblins (D:2)
  3 kobolds
  A ball python (D:3)
  2 bats (D:2)
  A frilled lizard (D:2)
15 creatures vanquished.

Notes
Turn   | Place    | Note
-------+----------+-------------------------------------------
     0 | D:1      | Amnesiac the Deep Elf Assassin began the quest for the Orb.
     0 | D:1      | Reached XP level 1. HP: 12/12 MP: 3/3
   121 | D:2      | Reached skill level 5 in Stealth
   212 | D:2      | Noticed Sigmund
   233 | D:2      | Killed Sigmund
   233 | D:2      | Reached skill level 7 in Stealth
   233 | D:2      | Reached XP level 2. HP: 16/16 MP: 4/4
   233 | D:2      | Reached XP level 3. HP: 20/20 MP: 5/5
   233 | D:2      | Reached XP level 4. HP: 25/25 MP: 6/6
   233 | D:2      | Reached XP level 5. HP: 29/29 MP: 7/7
   359 | D:3      | Found a radiant altar of Vehumet.
   387 | D:3      | Found a glowing drain.
   482 | D:3      | HP: 1/29 [ball python (1)]
   483 | D:3      | Slain by a ball python

Vault maps used:
D:1:      dpeg_arrival_brainrot, serial_glass, glass_columns_b, glass_columns_a
D:2:      minmay_pentomino_r4, uniq_sigmund
D:3:      vehumet_crystals, portal_sewer_entry_b, first_bread

Skill      XL: |  1 |
---------------+----+-----
Stealth        | 7 |  7.6
Short Blades   | 3 |  3.6
Fighting       | |  1.5
Throwing       | |  2.0
Dodging        | |  1.2

Action                   |  1- 3 |  4- 6 || total
-------------------------+-------+-------++-------
Melee: Dagger            |     9 |    31 ||    40
       Short sword       |       |    13 ||    13
 Fire: Blowgun           |    14 |       ||    14
Armor: Robe              |     2 |    10 ||    12
Dodge: Dodged            |     7 |    40 ||    47
